 Dungeon Crawl Stone Soup version 0.28-a0-612-gcfc00ec14d (webtiles) character file.

Game seed: 6359058584856177870

5154 Irenicus the Geomancer (level 10, -11/72 HPs)
             Began as a Deep Dwarf Earth Elementalist on Oct 5, 2021.
             Was a Priest of Makhleb.
             Mangled by a white ugly thing (24 damage)
             ... on level 8 of the Dungeon.
             The game lasted 00:54:11 (5356 turns).

Irenicus the Geomancer (DDEE)                       Turns: 5356, Time: 00:54:11

Health: -11/72     AC: 13    Str: 13    XL:     10   Next: 33%
Magic:  10/21      EV: 13    Int: 18    God:    Makhleb [***...]
Gold:   203        SH:  9    Dex: 13    Spells: 17/24 levels left

rFire   . . .      SeeInvis .   c - +3 dagger (vamp)
rCold   . . .      Faith    .   D - +0 buckler
rNeg    . . .      Spirit   .   r - +0 steam dragon scales
rPois   .          Reflect  .   j - +0 helmet
rElec   .          Harm     .   i - +0 cloak
rCorr   .          Rampage  .   n - +0 pair of gloves
Will    +....      Rnd*Tele +   f - +0 pair of boots
Stlth   ++........              E - amulet of magic regeneration
HPRegen 0.00/turn               T - +4 ring of protection
MPRegen 0.42/turn               Z - ring of wizardry

@: no status effects
A: damage resistance, heal wounds, sense surroundings 2, no regeneration, large
bone plates 1, frail 1, teleportitis 1, wild magic 1
a: Heal Wounds, Renounce Religion, Minor Destruction, Lesser Servant of Makhleb


You were on level 8 of the Dungeon.
You worshipped Makhleb.
Makhleb was most pleased with you.
You visited 2 branches of the dungeon, and saw 9 of its levels.
You also visited: Sewer.

You collected 593 gold pieces.
You spent 390 gold pieces at shops.


Innate Abilities, Weirdness & Mutations

You are resistant to damage.
You can heal yourself by infusing magical energy.
You passively map the area around you.
You do not regenerate.
You are partially covered in large bone plates. (SH +4)
You are frail. (-10% HP)
You are occasionally teleported next to monsters.
Your spells are a little harder to cast, but a little more powerful.


   Skills:
 - Level 2.2 Fighting
 - Level 3.0 Short Blades
 - Level 2.2 Armour
 - Level 3.2 Dodging
 - Level 2.4 Stealth
 - Level 4.0 Shields
 + Level 7.8 Spellcasting
 - Level 3.2 Conjurations
 - Level 2.0 Transmutations
 - Level 12.4 Earth Magic
 - Level 3.5 Evocations


You had 17 spell levels left.
You knew the following spells:

 Your Spells              Type           Power      Damage    Failure   Level
g - Apportation           Tloc           18%        N/A       6%          1
t - Stone Arrow           Conj/Erth      90%        3d12      1%          3
w - Passwall              Tmut/Erth      35%        N/A       1%          2
z - Sandblast             Erth           100%       2d20      1%          1

Your spell library contained the following spells:

 Spells                   Type           Power      Damage    Failure   Level
 Petrify                  Tmut/Erth      42%        N/A       3%          4
 Gell's Gravitas          Tloc           4%         N/A       16%         3
 Teleport Other           Tloc           9%         N/A       16%         3
 Alistair's Intoxication  Tmut/Pois      8%         N/A       63%         5
 Dispersal                Tloc           4%         N/A       99%         6
 Invisibility             Hex            4%         N/A       99%         6

Inventory:

Hand Weapons
 b - a +1 dagger of electrocution
 c - a +3 vampiric dagger (weapon)
 G - a +5 dagger
Missiles
 d - 18 poisoned darts
 J - 12 stones
Armour
 f - a +0 pair of boots (worn)
 i - a +0 cloak (worn)
 j - a +0 helmet (worn)
 n - a +0 pair of gloves (worn)
 o - a +2 leather armour of fire resistance
 r - +0 steam dragon scales (worn)
 w - a +2 helmet
 B - a +2 robe of the Archmagi
 D - a +0 buckler (worn)
Magical Staves
 H - a staff of death {!a}
Jewellery
 v - the amulet of Fokhaarr {Regen+ SInv}
   (You found it on level 5 of the Dungeon)

   [amulet of regeneration]

   SInv:      It lets you see invisible.
   Regen:     It increases your rate of health regeneration.
 E - an amulet of magic regeneration (around neck)
 T - a +4 ring of protection (left hand)
 Z - a ring of wizardry (right hand)
Wands
 l - a wand of flame (15)
 y - a wand of charming (6)
 F - a wand of iceblast (3)
Scrolls
 e - a scroll of immolation
 h - 3 scrolls of enchant weapon
 m - a scroll of fear {unknown}
 p - 3 scrolls of fog {unknown}
 q - 4 scrolls of noise {unknown}
 s - 7 scrolls of teleportation {@r2}
 t - 3 scrolls of blinking {unknown}
 u - 2 scrolls of enchant armour {unknown}
Potions
 a - a potion of might
 g - a potion of invisibility
 k - a potion of curing {@q1}
 x - 2 potions of lignification
 z - a potion of haste {@q3}
 A - a potion of berserk rage {!q}
 C - 4 potions of flight

Dungeon Overview and Level Annotations

Branches:
Dungeon (8/15)             Temple (1/1) D:6           Sewer (visited)
   Lair: D:8-11

Altars:
Ashenzari
Dithmenos
Elyvilon
Fedhas
Gozag
Hepliaklqana
Kikubaaqudgha
Makhleb
Nemelex Xobeh
Qazlal
Ru
Sif Muna
Trog
Uskayaw
Vehumet
Wu Jian
Xom
Yredelemnul
The Shining One

Shops:
D:2 *   D:4 ?

Annotations:
D:6 3 runed translucent doors, Shym's ghost, amateur BaIE

..#.......##.##.#### .# ***
*
*#.#.......##.##.##.##J##$#
#.#.......##..))...))†...#
* *
##.........##.##†##.##.##.#
* #..........#####.#### .#
*, * #...#'####.# #...# ,
.$ * #...#.# #..####.##
*### ** , ,*#...#†#
#..###J####### ,
#...#.######.@uO........,
,, ,
#...........###########.*
*#...##............# *,* ,
#...##......#####.<* * ,
+...#####...# ,< * * * ,,
#...# #.###, ,,, * , #...#
#.# , , , * , ##### #.. , ,
*, * * *, , **** * ###* ,
*, *, ,


You could see a white ugly thing, a slime creature and a two-headed ogre.


Message History

The two-headed ogre is heavily wounded.
The iceblast engulfs the slime creature!!
The slime creature is moderately wounded.
The iceblast engulfs the white ugly thing!
The white ugly thing partially resists.
The white ugly thing is lightly wounded.
Aiming: Iceblast
Press: ? - help, Shift-Dir - straight line, f/p - two-headed ogre
Aim: a two-headed ogre, wielding a +0 giant spiked club and a +0 giant club (heavily wounded)
The mass of ice explodes!
The iceblast engulfs the white ugly thing!
The white ugly thing partially resists.
The white ugly thing is moderately wounded.
The iceblast engulfs the slime creature!
The slime creature is heavily wounded.
The iceblast engulfs the two-headed ogre!
The two-headed ogre is severely wounded.
You block the white ugly thing's attack.
You block the white ugly thing's attack.
Casting: Sandblast (safe; 1% risk of failure)
Confirm with . or Enter, or press ? or * to list all spells.
Aiming: Sandblast (safe; 1% risk of failure)
Press: ? - help, Shift-Dir - straight line, f/p - two-headed ogre
Aim: a two-headed ogre, wielding a +0 giant spiked club and a +0 giant club (severely wounded, 92% to hit)
The blast of sand hits the white ugly thing!!
The white ugly thing is severely wounded.
The white ugly thing kicks you.
* * * LOW HITPOINT WARNING * * *
The white ugly thing freezes you!!
You die...

Skill      XL: |  1  2  3  4  5  6  7  8  9 10 |
---------------+-------------------------------+-----
Earth Magic    | 5 6 7 8 9 10 12 | 12.4
Spellcasting   | 2 3 6 7 |  7.8
Conjurations   | 2 3 |  3.2
Evocations     | 2 3 |  3.5
Fighting       | 2 |  2.2
Armour         | 2 |  2.2
Dodging        | 3 |  3.2
Short Blades   | 3 |  3.0
Shields        | 4 |  4.0
Transmutations | 2 |  2.0
Stealth        | |  2.4

Action                   |  1- 3 |  4- 6 |  7- 9 | 10-12 || total
-------------------------+-------+-------+-------+-------++-------
Melee: Club              |     4 |       |       |       ||     4
       Dagger            |    47 |    12 |   206 |       ||   265
Throw: Dart              |    34 |    25 |     3 |       ||    62
 Cast: Sandblast         |    42 |    65 |    81 |     7 ||   195
       Passwall          |     4 |     7 |    22 |       ||    33
       Stone Arrow       |       |       |    64 |     3 ||    67
       Apportation       |       |       |     3 |       ||     3
Evoke: Wand              |       |     7 |    17 |     4 ||    28
  Use: Scroll            |     2 |     3 |     3 |     1 ||     9
       Potion            |       |     2 |     4 |       ||     6
 Stab: Sleeping          |     2 |     3 |     4 |       ||     9
       Distracted        |     1 |       |       |       ||     1
Armor: Robe              |    25 |       |       |       ||    25
       Leather armour    |       |    10 |   103 |       ||   113
       Steam dragon scal |       |       |    25 |       ||    25
Dodge: Dodged            |    54 |    16 |   144 |     2 ||   216
Block: Buckler           |       |       |    28 |     3 ||    31

Levels and vault maps discovered:
D:1:      sevenhm_arrival_forest_fort_small_3, layout_loops_cross,
          dreamdust_ecumenical_altar_drowned_temple
D:2:      layout_basic, serial_shops, shop_coins, basic_altar,
          serial_bayou_pond_b, uniq_robin
D:3:      layout_loops_ring, uniq_ijyb, uniq_terence
D:4:      layout_basic, elyvilon_altar_5, serial_shops, shop
D:5:      layout_loops_corners, guppyfry_early_lair_pool
D:6:      layout_basic, nicolae_qazlal_general_emergency,
          minmay_temple_entry_mist, gammafunk_ghost_nasty_kobolds,
          lightli_sewer_entry_pipes
D:7:      layout_basic, nicolae_gozag_seed_capital, led_sif_pool, uniq_maggie
D:8:      hangedman_cross_veins, layout_basic, nicolae_overflow_hidden_temple,
          uniq_erica
Temple:   regret_index_temple_generic_petals

Notes
Turn   | Place    | Note
-------+----------+-------------------------------------------
     0 | D:1      | Irenicus the Deep Dwarf Earth Elementalist began the quest
                  | for the Orb.
     0 | D:1      | Reached XP level 1. HP: 15/15 MP: 3/3
    83 | D:1      | Reached XP level 2. HP: 22/22 MP: 0/4
   182 | D:1      | Reached skill level 5 in Earth Magic
   328 | D:1      | Found a faded altar of an unknown god.
   457 | D:1      | Reached XP level 3. HP: 26/28 MP: 5/5
   503 | D:2      | Noticed Robin
   509 | D:1      | Killed Robin
   532 | D:1      | Reached skill level 6 in Earth Magic
   829 | D:2      | Found a shimmering altar of Xom.
   912 | D:2      | Learned a level 2 spell: Passwall
  1216 | D:2      | Reached XP level 4. HP: 9/36 MP: 4/6
  1221 | D:2      | Found Ronemein's General Store.
  1588 | D:3      | Noticed Terence
  1591 | D:3      | Killed Terence
  1592 | D:3      | Reached skill level 7 in Earth Magic
  1616 | D:3      | Learned a level 3 spell: Stone Arrow
  1845 | D:3      | Noticed Ijyb
  1870 | D:3      | HP: 2/36 [Ijyb/puff of flame (7)]
  1871 | D:3      | Killed Ijyb
  1872 | D:3      | Reached skill level 2 in Spellcasting
  1872 | D:3      | Reached XP level 5. HP: 3/42 MP: 2/8
  1967 | D:4      | Found Zogupate's Magic Scroll Shop.
  1988 | D:4      | Reached skill level 1 in Conjurations
  2146 | D:4      | Reached skill level 2 in Conjurations
  2186 | D:4      | Reached XP level 6. HP: 10/49 MP: 0/10
  2270 | D:4      | Reached skill level 3 in Spellcasting
  2301 | D:4      | Found a white marble altar of Elyvilon.
  2307 | D:4      | Reached skill level 8 in Earth Magic
  2471 | D:4      | Reached skill level 1 in Evocations
  2513 | D:5      | Entered Level 5 of the Dungeon
  2595 | D:5      | Noticed an ice beast
  2599 | D:5      | Killed an ice beast
  2600 | D:5      | Reached skill level 2 in Evocations
  2600 | D:5      | Reached XP level 7. HP: 12/55 MP: 8/11
  2799 | D:5      | Identified the amulet of Fokhaarr {Regen+ SInv}
  2899 | D:5      | Reached skill level 3 in Evocations
  2988 | D:5      | Reached skill level 9 in Earth Magic
  3179 | D:6      | Reached skill level 3 in Conjurations
  3243 | D:6      | Reached skill level 1 in Fighting
  3286 | D:6      | Reached skill level 1 in Armour
  3386 | D:6      | Found a runed translucent gate.
  3387 | D:6      | Found a runed translucent gate.
  3388 | D:6      | Found a runed translucent gate.
  3388 | D:6      | Noticed a kobold demonologist
  3388 | D:6      | Noticed Shym's ghost (amateur BaIE)
  3432 | D:6      | Reached skill level 3 in Dodging
  3491 | D:6      | Found a staircase to the Ecumenical Temple.
  3500 | D:6      | Reached skill level 2 in Fighting
  3500 | D:6      | Reached skill level 2 in Armour
  3500 | D:6      | Reached XP level 8. HP: 27/67 MP: 6/12
  3503 | D:6      | Reached skill level 2 in Short Blades
  3511 | Temple   | Entered the Ecumenical Temple
  3564 | Temple   | Became a worshipper of Makhleb the Destroyer
  3633 | D:6      | Found a glowing drain.
  3638 | Sewer    | Entered a sewer
  3790 | Sewer    | Reached * piety under Makhleb
  3868 | Sewer    | Reached skill level 3 in Short Blades
  3909 | Sewer    | Learned a level 1 spell: Apportation
  3970 | D:6      | Reached skill level 2 in Shields
  4076 | D:2      | Bought an amulet of magic regeneration for 390 gold pieces
  4293 | D:6      | You fall into a shaft and drop 1 floor!
  4308 | D:7      | Reached skill level 3 in Shields
  4310 | D:7      | Reached ** piety under Makhleb
  4329 | D:7      | Reached skill level 4 in Shields
  4464 | D:7      | Reached skill level 10 in Earth Magic
  4487 | D:7      | Found a shimmering blue altar of Sif Muna.
  4532 | D:7      | Noticed a troll
  4537 | D:7      | Killed a troll
  4633 | D:6      | Gained mutation: You passively map the area around you.
                  | [Deep Dwarf growth]
  4633 | D:6      | Reached XP level 9. HP: 45/73 MP: 7/13
  4686 | D:6      | Found a stormy altar of Qazlal.
  4785 | D:7      | Reached skill level 11 in Earth Magic
  4801 | D:7      | Found an opulent altar of Gozag.
  4801 | D:7      | Noticed Maggie
  4833 | D:7      | Killed Maggie
  4834 | D:7      | Reached skill level 12 in Earth Magic
  5005 | D:8      | Reached skill level 1 in Transmutations
  5088 | D:8      | Reached skill level 2 in Transmutations
  5179 | D:8      | Found a sacrificial altar of Ru.
  5213 | D:8      | Identified a +2 robe of the Archmagi
  5213 | D:8      | Noticed Erica
  5219 | D:8      | Gained mutation: You are occasionally teleported next to
                  | monsters. [potion of mutation]
  5219 | D:8      | Gained mutation: You are frail. (-10% HP) [potion of
                  | mutation]
  5219 | D:8      | Gained mutation: You are partially covered in large bone
                  | plates. (SH +4) [potion of mutation]
  5219 | D:8      | Gained mutation: Your spells are a little harder to cast,
                  | but a little more powerful. [potion of mutation]
  5224 | D:8      | Killed Erica
  5225 | D:8      | Reached skill level 5 in Spellcasting
  5299 | D:8      | Reached *** piety under Makhleb
  5301 | D:8      | Reached skill level 6 in Spellcasting
  5320 | D:8      | Noticed a brown ugly thing
  5321 | D:8      | Noticed a gargoyle
  5322 | D:8      | Noticed a white ugly thing
  5325 | D:8      | Killed a red ugly thing
  5326 | D:8      | Reached XP level 10. HP: 33/72 MP: 13/19
  5326 | D:8      | Killed a gargoyle
  5327 | D:8      | Reached skill level 7 in Spellcasting
  5328 | D:8      | Killed a brown ugly thing
  5333 | D:8      | Noticed a two-headed ogre
  5335 | D:8      | Noticed a white ugly thing
  5356 | D:8      | Mangled by a white ugly thing

Vanquished Creatures
  Erica (D:8)
  2 ugly things (D:8)
  A gargoyle (D:8)
  Maggie (D:7)
  An efreet (D:8)
  A troll (D:7)
  A water moccasin (D:8)
  2 black bears
  An ice beast (D:5)
  2 ogres
  2 sky beasts
  A centaur (D:7)
  A kobold brigand (D:7)
  2 bullfrogs (D:6)
  A wyvern zombie (D:7)
  A scorpion (D:6)
  5 killer bees (D:8)
  6 wights
  A bullfrog zombie (D:5)
  A centaur zombie (D:7)
  A jelly (D:6)
  A bullfrog skeleton (D:6)
  A centaur skeleton (D:7)
  6 orc priests
  A gnoll shaman (D:8)
  4 iguanas
  Ijyb (D:3)
  Terence (D:3)
  A scorpion zombie (D:5)
  A merfolk siren (Sewer)
  6 orc wizards
  A merfolk avatar (Sewer)
  A killer bee zombie (D:7)
  A hound skeleton (D:4)
  Robin (D:1)
  9 gnolls
  9 adders
  2 river rats
  A shadow imp (D:6)
  2 white imps
  3 worms
  3 dart slugs
  20 orcs
  4 endoplasms
  5 giant cockroaches
  9 hobgoblins
  A quokka (D:4)
  16 ball pythons
  5 bats
  11 frilled lizards
  12 goblins
  7 kobolds
  26 rats
  A spectral kobold (D:1)
208 creatures vanquished.

Vanquished Creatures (others)
  A slime creature (D:8)
  3 kobolds (D:7)
  A plant (D:5)
5 creatures vanquished.

Grand Total: 213 creatures vanquished

Table legend: (Time is in decaauts)
 A = Elapsed time spent in this place.
 B = Non-inter-level travel time spent in this place.
 C = Inter-level travel time spent in this place.
 D = Time resting spent in this place.
 E = Time spent auto-exploring this place.
 F = Levels seen in this place.
 G = Mean time per level.
                   A        B        C        D        E       F      G
               +--------+--------+--------+--------+--------+-----+--------+
         Total |   5400 |   5224 |    176 |      0 |      0 |  10 |  540.0 |
       Dungeon |   5004 |   4828 |    176 |      0 |      0 |   8 |  625.5 |
        Temple |     98 |     98 |      0 |      0 |      0 |   1 |   98.0 |
         Sewer |    297 |    297 |      0 |      0 |      0 |   1 |  297.0 |
               +--------+--------+--------+--------+--------+-----+--------+

Top non-repeatable levels by time:
     D:6: 775 daAuts
     D:2: 755 daAuts
     D:5: 718 daAuts
     D:1: 651 daAuts
     D:3: 621 daAuts
     D:4: 600 daAuts
     D:7: 518 daAuts
     D:8: 362 daAuts
   Sewer: 297 daAuts
  Temple: 98 daAuts

Table legend:
 A = Non-vault XP
 B = Vault XP
 C = Vault XP percentage of total XP
 D = Non-vault monster count
 E = Vault monster count
 F = Vault count percentage of total count
                 A         B        C        D         E       F
            +---------+---------+-------+---------+---------+-------
      Total |    3659 |    3704 |  50.3 |     134 |      75 |  35.9
            +---------+---------+-------+---------+---------+-------
        D:1 |      40 |      29 |  42.0 |      22 |       9 |  29.0
        D:2 |      12 |      20 |  62.5 |       9 |       9 |  50.0
        D:3 |      34 |      72 |  67.9 |      15 |       2 |  11.8
        D:4 |     416 |       0 |   0.0 |      26 |       0 |   0.0
        D:5 |     369 |       0 |   0.0 |      12 |       0 |   0.0
        D:6 |     889 |      46 |   4.9 |      17 |       5 |  22.7
        D:7 |    1022 |     389 |  27.6 |      14 |       1 |   6.7
        D:8 |     877 |    2992 |  77.3 |      19 |      10 |  34.5
      Sewer |       0 |     156 | 100.0 |       0 |      39 | 100.0
            +---------+---------+-------+---------+---------+-------
